 Dungeon Crawl Stone Soup version 0.18-b1-22-ge198996 (webtiles) character file.

2769 minicreteconcrete the Nimble (level 9, 0/79 HPs)
             Began as a Red Draconian Berserker on May 3, 2016.
             Was an Elder of Trog.
             Slain by a crimson imp (1 damage)
             ... on level 7 of the Dungeon.
             The game lasted 00:10:55 (7404 turns).

minicreteconcrete the Nimble (DrBe)                 Turns: 7404, Time: 00:10:56

Health: 0/79       AC:  8    Str: 17 (20) XL:     9   Next: 42%
Magic:  0/9        EV: 15    Int: 11 (13) God:    Trog [****..]
Gold:   346        SH:  0    Dex: 10 (13) Spells: 0 memorised, 8 levels left

rFire  + . .     SeeInvis .     a - +1 battleaxe
rCold  . . .     Gourm    .     (armour unavailable)
rNeg   + . .     Faith    .     (shield currently unavailable)
rPois  .         Spirit   +     (helmet restricted)
rElec  .         Dismiss  .     (no cloak)
rCorr  .         Reflect  .     c - +0 pair of gloves
SustAt .         Harm     .     (no boots)
MR     +....                    x - amulet of guardian spirit
Stlth  +.........               F - ring of positive energy
                                z - ring of protection from magic

@: brilliant, exhausted, flying, somewhat resistant to hostile enchantments,
very unstealthy
A: breathe fire, unfitting armour, fire resistance 1, cold-blooded, AC +7
a: Breathe Fire, Berserk, Trog's Hand, Brothers in Arms, Burn Spellbooks,
Renounce Religion


You were on level 7 of the Dungeon.
You worshipped Trog.
Trog was greatly pleased with you.
You were near starving.

You visited 1 branch of the dungeon, and saw 7 of its levels.

You collected 346 gold pieces.

Inventory:

Hand Weapons
 a - a +1 battleaxe (weapon)
 r - a +0 hand axe
 G - a +0 war axe
Missiles
 n - 63 poisoned needles
 t - 3 tomahawks (quivered)
 C - 2 silver tomahawks
Armour
 c - a +0 pair of gloves (worn)
Jewellery
 x - an amulet of guardian spirit (around neck)
 z - a ring of protection from magic (left hand)
 B - an uncursed ring of protection from fire
 F - a ring of positive energy (right hand)
Wands
 A - a wand of digging (14/24)
 D - a wand of disintegration (12/24)
Scrolls
 e - 6 scrolls of identify {unknown}
 g - 3 scrolls of magic mapping {unknown}
 h - 2 scrolls of noise {unknown}
 j - a scroll of blinking {unknown}
 l - a scroll of recharging {unknown}
 m - 2 scrolls of remove curse {unknown}
 q - a scroll of random uselessness {unknown}
 v - a scroll of enchant armour {unknown}
 y - a scroll of immolation {unknown}
Potions
 o - 2 potions of cancellation
 p - a potion of brilliance
Books
 i - a book of Beasts

   Spells                             Type                      Level
   a - Summon Butterflies             Summoning                    1
   b - Call Canine Familiar           Summoning                    3
   c - Summon Ice Beast               Ice/Summoning                4
   d - Summon Mana Viper              Hexes/Summoning              5
   e - Summon Hydra                   Summoning                    7
   Trog disapproves of the use of such an item.
 w - a book of the Warp

   Spells                             Type                      Level
   a - Recall                         Summoning/Translocation      3
   b - Gell's Gravitas                Hexes/Translocation          3
   c - Force Lance                    Conjuration/Translocation    4
   d - Warp Weapon                    Charms/Translocation         5
   e - Summon Forest                  Summoning/Translocation      5
   Trog disapproves of the use of such an item.
 E - a book of Party Tricks

   Spells                             Type                      Level
   a - Summon Butterflies             Summoning                    1
   b - Apportation                    Translocation                1
   c - Tukima's Dance                 Hexes                        3
   d - Alistair's Intoxication        Transmutation/Poison         5
   e - Invisibility                   Hexes                        6
   Trog disapproves of the use of such an item.
Comestibles
 b - 4 bread rations
 d - 3 meat rations
 f - 5 beef jerkies
 H - 5 chunks of flesh


   Skills:
 + Level 7.3 Fighting
 + Level 7.9 Axes
 + Level 8.6 Dodging
 - Level 0.4 Stealth


You had 8 spell levels left.
You didn't know any spells.

Dungeon Overview and Level Annotations

Branches:
Dungeon (7/15)             Temple (0/1) D:5

Altars:
Cheibriados
Dithmenos
Elyvilon
Nemelex Xobeh
Okawaru
Qazlal
Ru
Sif Muna
Trog
Vehumet
Xom

Shops:
D:6 (   D:7 ([=}


Innate Abilities, Weirdness & Mutations

You can breathe blasts of fire.
Your fiery red scales are hard (AC +7).
Your body does not fit into most forms of armour.
Your flesh is heat resistant.
You are cold-blooded and may be slowed by cold attacks.


Message History

You fly up into the air.
The centaur closely misses you.
The centaur hits you but does no damage.
Drink which item? (? for menu, Esc to quit)
It was a potion of degeneration.
There was something very wrong with that liquid.
You feel weakened.
You feel dopey.
You feel clumsy. The centaur misses you.
You barely miss the centaur.
The centaur is lightly wounded.
The centaur barely misses you. The centaur misses you.
The crimson imp blinks!
You hit the centaur.
The centaur is lightly wounded.
The centaur misses you. The centaur closely misses you.
The crimson imp closely misses you.
You hit the centaur.
The centaur is moderately wounded.
You closely miss the crimson imp. The centaur hits you.
* * * LOW HITPOINT WARNING * * *
The centaur misses you. The crimson imp hits you.
You die...

#..........## #.∩.#..#.#.#.#
#...........## #............#
#............# #.#....#.#.#.##
#........#.#.# #.............#
#............# ##.....#.#.#..# ##
##.......#.#.# ##..(........##..
##.()........####.§..............
#..........###(.........((..)....
#...............@5(...........%..
...†.......######c......[........
...........# #..........).......
#..........# #.###...)...†....#.
##........## #c ####...).......
##......###. . ##........#.
#...#### ..###### ##.........
#>..#####.......# ######.###
.....#...#.....# ..#


You could see a centaur and a crimson imp.

Vanquished Creatures
  The ghost of Shenda the Chopper, a novice HOFi of Okawaru (D:5)
  2 phantoms (D:5)
  A sky beast (D:7)
  2 ogres (D:6)
  2 centaurs (D:7)
  2 giant frogs (D:6)
  A water moccasin zombie (D:6)
  2 scorpions
  2 wights (D:7)
  A howler monkey (D:5)
  2 crimson imps
  3 hounds
  A jelly (D:7)
  6 orc priests
  16 orc wizards
  A giant frog skeleton (D:6)
  Jessica (D:2)
  5 iguanas
  5 worker ants
  A hound zombie (D:5)
  A worker ant zombie (D:3)
  6 gnolls
  10 adders
  A shadow imp (D:5)
  An adder zombie (D:4)
  An adder skeleton (D:4)
  A worm (D:5)
  3 dart slugs
  3 giant geckos
  29 orcs
  6 ball pythons
  8 bats
  3 giant cockroaches
  5 goblins
  7 hobgoblins
  12 jackals
  6 kobolds
  2 quokkas
  A giant gecko zombie (D:5)
  7 giant newts
  A jackal zombie (D:6)
  A quokka skeleton (D:4)
  4 rats
176 creatures vanquished.

Notes
Turn   | Place    | Note
--------------------------------------------------------------
     0 | D:1      | minicreteconcrete the Draconian Berserker began the quest for the Orb.
     0 | D:1      | Reached XP level 1. HP: 19/19 MP: 1/1
   170 | D:1      | Found a snail-covered altar of Cheibriados.
   188 | D:1      | Reached XP level 2. HP: 14/26 MP: 2/2
   291 | D:1      | Reached skill level 3 in Dodging
   618 | D:1      | Reached ** piety under Trog
   935 | D:2      | Found a stormy altar of Qazlal.
  1230 | D:2      | Reached XP level 3. HP: 31/31 MP: 3/3
  1273 | D:2      | Noticed Jessica
  1280 | D:2      | Killed Jessica
  1405 | D:2      | Reached XP level 4. HP: 39/40 MP: 4/4
  1497 | D:2      | Found an iron altar of Okawaru.
  1991 | D:3      | Reached skill level 4 in Dodging
  2318 | D:3      | Reached XP level 5. HP: 46/46 MP: 5/5
  2661 | D:3      | Reached *** piety under Trog
  2953 | D:4      | Reached skill level 5 in Dodging
  2953 | D:4      | Reached XP level 6. HP: 45/53 MP: 6/6
  2958 | D:4      | Found a sparkling altar of Nemelex Xobeh.
  2958 | D:4      | Found a radiant altar of Vehumet.
  2973 | D:4      | Found a shimmering altar of Xom.
  2976 | D:4      | Found a snail-covered altar of Cheibriados.
  3011 | D:4      | Found a sacrificial altar of Ru.
  3012 | D:4      | Found a white marble altar of Elyvilon.
  3054 | D:4      | Your scales start taking on a fiery red colour.
  3054 | D:4      | Reached XP level 7. HP: 14/60 MP: 7/7
  3054 | D:4      | Gained mutation: Your flesh is heat resistant. [Red Draconian growth]
  3679 | D:4      | Reached skill level 6 in Dodging
  3739 | D:4      | Reached **** piety under Trog
  3843 | D:4      | Reached skill level 5 in Axes
  3908 | D:5      | Entered Level 5 of the Dungeon
  3936 | D:5      | Noticed Shenda's ghost (novice HOFi)
  3952 | D:5      | Killed Shenda's ghost
  3952 | D:5      | Reached skill level 5 in Fighting
  3968 | D:5      | Reached XP level 8. HP: 45/70 MP: 8/8
  4052 | D:4      | Found a white marble altar of Elyvilon.
  4055 | D:4      | Found a sacrificial altar of Ru.
  4417 | D:5      | Found a staircase to the Ecumenical Temple.
  4491 | D:5      | Reached skill level 7 in Dodging
  4497 | D:5      | Found a shadowy altar of Dithmenos.
  4684 | D:5      | Found a deep blue altar of Sif Muna.
  5317 | D:5      | Found a staircase to the Ecumenical Temple.
  5395 | D:5      | Found a shadowy altar of Dithmenos.
  5792 | D:5      | Found a deep blue altar of Sif Muna.
  6343 | D:6      | Reached XP level 9. HP: 69/78 MP: 2/9
  6467 | D:6      | Reached skill level 8 in Dodging
  6776 | D:6      | Found Palor's Weapon Shop.
  6796 | D:6      | Found a bloodstained altar of Trog.
  6947 | D:7      | Found Ojish's Jewellery Boutique.
  6955 | D:7      | Found Maunaodug's Gadget Shoppe.
  7028 | D:7      | Found Kist's Antique Weapon Shop.
  7347 | D:7      | Found Hoevitam's Armour Boutique.
  7404 | D:7      | HP: 1/79 [centaur (5)]
  7404 | D:7      | Slain by a crimson imp

Skill      XL: |  1  2  3  4  5  6  7  8  9 |
---------------+----------------------------+-----
Dodging        | 3 4 5 6 7 8 |  8.6
Fighting       | 4 5 6 7 |  7.3
Axes           | 4 5 7 |  7.9
Stealth        | |  0.4

Action                   |  1- 3 |  4- 6 |  7- 9 || total
-------------------------+-------+-------+-------++-------
Melee: Hand axe          |    81 |   105 |       ||   186
       Tailslap          |    13 |    22 |    42 ||    77
       War axe           |       |    46 |   270 ||   316
       Battleaxe         |       |       |    32 ||    32
Throw: Tomahawk          |       |       |     3 ||     3
Invok: Berserk           |     2 |     6 |     5 ||    13
 Abil: Breathe Fire      |       |       |     2 ||     2
  Use: Scroll            |     1 |       |       ||     1
       Potion            |       |       |     7 ||     7
  Eat: Chunk             |     4 |    10 |    19 ||    33
Armor: Skin              |    34 |    54 |    79 ||   167
Dodge: Dodged            |    72 |   141 |   278 ||   491
